 Dungeon Crawl Stone Soup version 0.21-a0-125-gb006224 (webtiles) character file.

546091 4thArraOfDagon the Slayer (level 23, -3/286 HPs)
             Began as a Demigod Earth Elementalist on July 15, 2017.
             Slain by a monstrous warmonger (36 damage)
             ... on level 6 of a ziggurat.
             The game lasted 03:35:18 (33914 turns).

4thArraOfDagon the Slayer (DgEE)                   Turns: 33914, Time: 03:35:19

Health: -3/286     AC: 39    Str: 14    XL:     23   Next: 20%
Magic:  44/44      EV: 23    Int: 39    God:
Gold:   1610       SH:  0    Dex: 14    Spells: 6/46 levels left

rFire    + . .     SeeInvis +   u - +9 lajatang (speed)
rCold    + + .     Gourm    .   (shield currently unavailable)
rNeg     + + .     Faith    .   (armour currently unavailable)
rPois    ∞         Spirit   .   r - -2 hat of the Alchemist {rElec rPois rF+ rC+ rN+ MR+ rMut rCorr}
rElec    +         Reflect  .   G - scarf {cloud immunity}
rCorr    +         Harm     .   (gloves currently unavailable)
rMut     +                      (boots currently unavailable)
MR       ++++.                  m - amulet of regeneration
Stlth    ++........             l - ring of Robustness {AC+8}
HPRegen  1.97/turn              Y - ring "Peuf" {rC+ Str+3 Int+4}
MPRegen  0.29/turn

@: statue-form, regenerating, very slow
A: see invisible, clever 1, clumsy 1, high mp 1, magic resistance 1, wild magic
1
}: 4/15 runes: barnacled, silver, abyssal, gossamer
a: End Transformation


You were on level 6 of a ziggurat.
You were not hungry.
You were a stone statue.
You visited 8 branches of the dungeon, and saw 43 of its levels.
You visited the Abyss 3 times.
You visited 1 ziggurat, and saw 6 of its levels.
You also visited: Labyrinth, Sewer, Bailey and Ice Cave.

You collected 5934 gold pieces.
You spent 4324 gold pieces at shops.

Inventory:

Hand Weapons
 k - the +7 lajatang of Order {silver, rMut}
   (You acquired it on level 5 of a ziggurat)

   It protects you from mutation.
 u - a +9 lajatang of speed (weapon)
Missiles
 g - 4 throwing nets (quivered)
 w - 459 stones
Armour
 r - the -2 hat of the Alchemist (worn) {rElec rPois rF+ rC+ rN+ MR+ rMut rCorr}
   (You bought it in a shop on level 3 of the Elven Halls)

   It protects you from fire.
   It protects you from cold.
   It insulates you from electricity.
   It protects you from poison.
   It protects you from negative energy.
   It affects your resistance to hostile enchantments.
   It protects you from acid and corrosion.
   It protects you from mutation.
 A - a +0 pair of gloves (melded)
 G - a scarf of cloud immunity (worn)
 K - the +9 scales of the Dragon King {rPois rF+ rC+ MR+}
   (You found it in a bailey)

   It protects you from fire.
   It protects you from cold.
   It protects you from poison.
   It affects your resistance to hostile enchantments.
 Q - a +0 troll leather armour (melded)
 S - the +2 pair of boots of the Assassin (melded) {Detection Stab+ Stlth++}
   (You found it on level 3 of the Elven Halls)

   It makes you much more stealthy.
Jewellery
 l - the ring of Robustness (left hand) {AC+8}
   (You took it off a deep elf mage on level 3 of the Elven Halls)

   [ring of protection]

   It affects your AC (+8).
 m - an amulet of regeneration (around neck)
 n - an uncursed ring of protection from fire
 Y - the ring "Peuf" (right hand) {rC+ Str+3 Int+4}
   (You found it on level 4 of the Shoals)

   [ring of strength]

   It affects your strength (+3).
   It affects your intelligence (+4).
   It protects you from cold.
Wands
 b - a wand of clouds (4/9)
 c - a wand of acid (6/15)
 y - a wand of clouds (3/9)
 W - a wand of digging (5/24)
 Z - a wand of clouds (3/9)
Scrolls
 d - 2 scrolls of magic mapping
 f - 10 scrolls of fog
 i - 4 scrolls of teleportation
 j - 22 scrolls of remove curse
 s - 6 scrolls of recharging
 D - 8 scrolls of enchant armour
 H - 3 scrolls of summoning
 I - 8 scrolls of identify
 L - 4 scrolls of vulnerability
 M - a scroll of blinking
 R - 3 scrolls of holy word
Potions
 a - 3 potions of heal wounds
 e - 7 potions of ambrosia
 o - 11 potions of resistance
 q - 3 potions of might
 x - 8 potions of magic
 z - 2 potions of agility
 B - 8 potions of brilliance
 C - 3 potions of invisibility
 E - 2 potions of haste
 N - 15 potions of curing
 O - 5 potions of berserk rage
 P - 9 potions of mutation
 T - 3 potions of cancellation
 V - 4 potions of flight
Books
 F - a book of Spatial Translocations

   Spells                             Type                      Level
   a - Blink                          Translocation                2
   b - Shroud of Golubria             Charms/Translocation         2
   c - Lesser Beckoning               Translocation                3
   d - Gell's Gravitas                Translocation                3
   e - Teleport Other                 Translocation                3
   f - Passage of Golubria            Translocation                4
 J - a book of Necromancy

   Spells                             Type                      Level
   a - Pain                           Necromancy                   1
   b - Animate Skeleton               Necromancy                   1
   c - Vampiric Draining              Necromancy                   3
   d - Regeneration                   Charms/Necromancy            3
   e - Animate Dead                   Necromancy                   4
   f - Control Undead                 Necromancy                   4
 X - a book of the Earth

   Spells                             Type                      Level
   a - Leda's Liquefaction            Hexes/Earth                  4
   b - Bolt of Magma                  Conjuration/Fire/Earth       5
   c - Statue Form                    Transmutation/Earth          6
   d - Iron Shot                      Conjuration/Earth            6
   e - Shatter                        Earth                        9
Miscellaneous
 p - a phantom mirror
 v - a fan of gales
 U - a lamp of fire
Comestibles
 h - 6 meat rations
 t - 23 bread rations


   Skills:
 - Level 21.0 Fighting
   Level 6.0(12.2) Maces & Flails
 - Level 16.2(16.5) Staves
 - Level 5.6 Armour
 - Level 16.1 Dodging
 - Level 1.7 Stealth
 - Level 12.0 Spellcasting
 - Level 4.0 Charms
 - Level 4.2 Necromancy
 - Level 3.8 Translocations
 - Level 10.8 Transmutations
 * Level 18.9 Earth Magic
 - Level 3.1 Evocations


You had 6 spell levels left.
You knew the following spells:

 Your Spells              Type           Power        Failure   Level  Hunger
a - Sandblast             Erth           ######       1%          1    None
b - Lee's Rapid Deconstr  Erth           ########..   1%          5    None
c - Passwall              Tmut/Erth      ########..   1%          2    None
d - Petrify               Tmut/Erth      ########     1%          4    None
e - Statue Form           Tmut/Erth      ########.    1%          6    ###....
f - Apportation           Tloc           ######       1%          1    None
g - Animate Skeleton      Necr           N/A          1%          1    None
h - Silence               Hex/Air        ####......   47%         5    None
i - Iron Shot             Conj/Erth      #######...   8%          6    ###....
j - Blink                 Tloc           N/A          1%          2    None
k - Regeneration          Chrm/Necr      ######....   1%          3    None
l - Passage of Golubria   Tloc           N/A          5%          4    None


Dungeon Overview and Level Annotations

Branches:
Dungeon (15/15)            Temple (0/1) D:6            Lair (6/6) D:11
 Shoals (4/4) Lair:2       Spider (4/4) Lair:4        Slime (0/5) Lair:6
    Orc (2/2) D:12            Elf (3/3) Orc:2        Vaults (5/5) D:13
  Crypt (0/3) Vaults:3     Depths (4/5) D:15

Shops:
D:6 (   D:9 *   D:11 ?   D:14 !   Orc:2 ((=*   Elf:1 ==}   Elf:3 [?
Vaults:3 ?

Portals:
Hell: Depths:3
Pandemonium: Depths:3
Trove: Depths:4 (give +3 gold dragon scales)

Annotations:
Shoals:2 sergedm's ghost, adept DECj


Innate Abilities, Weirdness & Mutations

You have an increased reservoir of magic. (+10% MP)
You have supernaturally acute eyesight. (SInv)
Your mind is acute. (Int +2)
You are clumsy. (Dex -2)
You are resistant to hostile enchantments. (MR+)
Your spells are a little harder to cast, but a little more powerful.


Message History

You feel much better. The monstrous warmonger hits you!
* * * LOW HITPOINT WARNING * * *
The monstrous warmonger claws you but does no damage.
The monstrous warmonger gores you but does no damage.
The monstrous warmonger closely misses you.
The monstrous warmonger claws you but does no damage.
The monstrous warmonger barely misses you.
Unknown command.
You hit the monstrous warmonger but do no damage.
The monstrous warmonger is severely wounded.
The monstrous warmonger hits you!
* * * LOW HITPOINT WARNING * * *
The monstrous warmonger claws you!
* * * LOW HITPOINT WARNING * * *
The monstrous warmonger completely misses you.
Unknown command.
Unknown command.
Unknown command.
You feel much better. The monstrous warmonger hits you!!!
You die...

▓▓▓ .......
..... .▓▓▓▓
. #...##...▓
..#...#....▓
(..........▓
[.........∩▓
...........▓
#...#8[..▓
.##..§##6..▓
▓.....2(▓▓▓▓
▓.....26▓
▓▓▓▓▓▓▓▓▓


You could see a monstrous warmonger (berserk).

Vanquished Creatures
  An ancient lich (Vaults:5)
  Mara (Shoals:3)
  Mennas (Depths:3)
  2 pandemonium lords
  Frederick (Vaults:3)
  Nikola (Shoals:1)
  the Enchantress (Depths:3)
  3 golden dragons (Vaults:5)
  Jory (Depths:3)
  Arachne (Spider:3)
  Jorgrun (Depths:1)
  The ghost of durraq the Executioner, an adept MiFi of Cheibriados (Vaults:5)
  6 liches
  2 titans (Vaults:5)
  5 tentacled monstrosities
  A quicksilver dragon (Vaults:5)
  2 deep elf blademasters (Elf:3)
  2 sphinxes (Vaults:5)
  An Executioner (Zig:5)
  A deep elf master archer (Elf:3)
  5 shadow dragons
  2 tentacled starspawn (Abyss:3)
  Frances (Shoals:1)
  3 thorn hunters (Depths:3)
  2 ancient champions
  2 storm dragons
  5 tengu reavers
  Donald (Spider:2)
  Ilsuiw (Shoals:4)
  A revenant (Vaults:3)
  Roxanne (D:15)
  6 fire giants
  3 iron dragons (Vaults:5)
  3 ghost moths (Spider:4)
  4 frost giants
  7 deep elf sorcerers
  2 emperor scorpions (Spider:2)
  Aizul (Shoals:1)
  An orc warlord (Vaults:5)
  A balrug (Zig:6)
  An emperor scorpion (shapeshifter) (Vaults:5)
  13 vault wardens
  4 spriggan defenders (Depths:3)
  Louise (Spider:3)
  A curse skull (Zig:4)
  14 very ugly things
  12 ironheart preservers
  2 deep elf elementalists
  A corrupter (Zig:5)
  13 stone giants
  2 war gargoyles (Vaults:5)
  A caustic shrike skeleton (Depths:2)
  A ghoul (Vaults:5)
  5 entropy weavers
  11 deep elf annihilators
  6 dire elephants (Lair:6)
  A vampire knight (Zig:4)
  5 deep elf demonologists
  A white draconian (IceCv)
  10 spark wasps
  4 merfolk javelineers
  10 deep elf death magi
  2 blizzard demons
  6 deep elf high priests
  11 ettins
  10 merfolk impalers
  A minotaur (Lab)
  2 fire dragons
  37 vault guards
  14 yaktaur captains
  5 great orbs of eyes
  7 ice dragons
  4 rakshasas
  8 hydras
  A spriggan air mage (Depths:3)
  A death knight (Vaults:5)
  2 anacondas
  A juggernaut simulacrum (Depths:2)
  2 alligator snapping turtles
  17 centaur warriors
  5 merfolk avatars
  15 dancing weapons
  18 ogre magi
  A two-headed ogre (shapeshifter) (Depths:1)
  66 two-headed ogres
  4 deep troll shamans
  2 satyrs
  2 tengu warriors
  4 merfolk aquamancers (Shoals:4)
  6 death yaks
  3 deep troll earth magi (Depths:3)
  6 spriggan berserkers (Depths:3)
  The ghost of Duffy the Cleaver, a journeyman VSGl of Makhleb (Orc:1)
  Sonja (D:12)
  A hell knight (Vaults:5)
  A shock serpent (shapeshifter) (Vaults:5)
  2 vampire magi
  A sun demon (Depths:3)
  2 fire crabs (shapeshifter)
  A shadow wraith (Vaults:3)
  10 skeletal warriors
  A soul eater (Zig:4)
  20 deep elf knights
  12 sea snakes
  A sixfirhy (Abyss:3)
  A storm dragon skeleton (Vaults:4)
  An unseen horror (D:11)
  A salamander mystic (Depths:3)
  2 flayed ghosts
  A glowing orange brain (Depths:1)
  18 deep trolls
  18 deep elf archers
  A lindwurm (shapeshifter) (Depths:1)
  5 wizards
  A glowing orange brain (shapeshifter) (Zig:2)
  8 harpies
  20 ironbrand convokers
  18 orc knights
  51 deep elf magi
  13 orb spiders
  4 necromancers
  3 phantasmal warriors
  Pikel (D:5)
  A wolf spider zombie (D:14)
  17 ugly things
  27 wolf spiders
  A mana viper (shapeshifter) (D:15)
  6 orc sorcerers
  The ghost of zkyp the Firebug, a novice DgFE (Bailey)
  6 manticores
  8 salamanders
  A manticore (shapeshifter) (D:13)
  12 fauns
  10 cyclopes
  An elephant (shapeshifter) (Vaults:5)
  7 elephants
  5 merfolk sirens
  A salamander (shapeshifter) (Vaults:5)
  2 black mambas
  A molten gargoyle (Depths:3)
  2 torpor snails (shapeshifter)
  6 centaur zombies
  An ice statue (IceCv)
  A torpor snail (Lair:2)
  A guardian serpent (Abyss:3)
  2 orange demons
  11 water nymphs
  16 vault sentinels
  Joseph (D:9)
  An eye of devastation (Bailey)
  5 spiny frogs
  A water nymph (shapeshifter) (Vaults:5)
  2 smoke demons (Abyss:3)
  5 gargoyles
  A yaktaur zombie (Depths:1)
  3 rime drakes
  A hellion (Depths:3)
  7 large abominations
  A redback zombie (D:13)
  8 komodo dragons
  A yaktaur (shapeshifter) (D:15)
  6 demonic crawlers
  3 efreet
  A kobold demonologist (D:10)
  A yaktaur skeleton (Depths:1)
  41 yaktaurs
  6 freezing wraiths
  An ice devil (Zig:3)
  2 tengu conjurers (Depths:3)
  A human skeleton (Vaults:4)
  26 merfolk
  2 ancient zymes (Abyss:3)
  A hellwing (Zig:5)
  6 wind drakes
  24 jumping spiders
  16 polar bears (IceCv)
  20 hornets
  15 trolls
  3 meliai (D:12)
  A tengu simulacrum (Depths:2)
  23 blink frogs
  Grinder (D:6)
  8 hippogriffs
  6 raiju (Abyss:3)
  10 snapping turtles
  19 slime creatures
  A stone giant simulacrum (Vaults:4)
  A hippogriff (shapeshifter) (Vaults:4)
  Sigmund (D:5)
  7 dream sheep
  2 frost giant simulacra
  A centaur simulacrum (D:15)
  2 shadows
  52 redbacks
  2 ettin skeletons
  10 water elementals
  6 spriggans (Depths:3)
  2 spriggan skeletons
  2 air elementals
  2 wyverns
  A fire bat (Abyss:3)
  2 vampires
  31 yaks
  A tarantella (shapeshifter) (Vaults:1)
  4 basilisks
  2 humans
  2 wraiths
  2 neqoxecs (Abyss:3)
  20 tarantellas
  A basilisk (shapeshifter) (Vaults:4)
  5 fire elementals
  2 hungry ghosts (D:14)
  2 yaks (shapeshifter)
  2 chaos spawn (Depths:3)
  Menkaure (D:6)
  8 wargs
  A swamp worm (shapeshifter) (Vaults:3)
  An elf skeleton (Depths:2)
  A soldier ant (D:15)
  2 acid dragons
  11 water moccasins
  Duvessa (D:6)
  A hell hound (Abyss:3)
  5 porcupines
  A phantom (D:5)
  15 ice beasts
  8 sky beasts
  2 slaves (D:5)
  A black bear (D:6)
  57 orc warriors
  5 starcursed masses (Abyss:3)
  5 boggarts
  An ice beast (shapeshifter) (Vaults:5)
  An ettin simulacrum (Depths:1)
  28 centaurs
  46 ogres
  29 wolves
  8 crocodiles
  7 big kobolds
  20 bullfrogs
  3 earth elementals (Elf:3)
  Dowan (D:6)
  6 small abominations
  2 scorpions
  9 wights
  75 killer bees
  3 howler monkeys (D:12)
  2 electric eels
  9 crimson imps
  3 quasits
  27 orc priests
  9 hounds
  A human zombie (D:5)
  An iron imp (Depths:2)
  2 jellies
  33 orc wizards
  2 bullfrog skeletons
  7 centaur skeletons
  5 iguanas
  13 worker ants
  A hell rat (D:12)
  A mummy (D:8)
  7 gnolls
  A howler monkey skeleton (D:7)
  7 adders
  A shadow imp (D:6)
  3 white imps
  An ufetubus (Abyss:3)
  3 oozes
  An adder skeleton (D:7)
  2 worms
  3 dart slugs
  3 leopard geckos
  117 orcs
  2 ball pythons
  2 giant cockroaches
  A goblin (D:2)
  5 hobgoblins
  3 jackals (D:8)
  5 kobolds
  5 quokkas
  A bat (D:3)
  A giant cockroach zombie (D:6)
  A goblin skeleton (D:5)
  A jackal skeleton (D:6)
  A leopard gecko skeleton (D:5)
  A quokka skeleton (D:6)
  5 rats
  A crawling corpse (Vaults:5)
  4 plants
  A starspawn tentacle (Abyss:3)
1955 creatures vanquished.

Vanquished Creatures (collateral kills)
  A blood saint (Zig:6)
  An orb spider (Spider:4)
2 creatures vanquished.

Vanquished Creatures (others)
  Fannar (D:12)
  A vampire mage (Depths:1)
  A slime creature (Depths:1)
  A tarantella (Spider:4)
  A centaur (D:13)
  2 boggarts (Vaults:1)
  2 ogres (Vaults:5)
  A howler monkey (D:5)
  An orc (Vaults:5)
  A briar patch (Depths:3)
  A bush (Depths:2)
  A fire vortex (Elf:3)
  6 fungi
  23 plants
  6 starspawn tentacles (Abyss:3)
  16 tentacles
65 creatures vanquished.

Grand Total: 2022 creatures vanquished

Notes
Turn   | Place    | Note
-------+----------+-------------------------------------------
     0 | D:1      | 4thArraOfDagon the Demigod Earth Elementalist began the quest for the Orb.
     0 | D:1      | Reached XP level 1. HP: 14/14 MP: 5/5
   100 | D:2      | Reached XP level 2. HP: 20/20 MP: 1/7
   362 | D:3      | Found a glowing drain.
   366 | Sewer    | Entered a sewer
   478 | D:4      | Reached XP level 3. HP: 22/26 MP: 5/8
   531 | D:4      | Reached XP level 4. HP: 26/33 MP: 3/9
   766 | D:3      | Reached skill level 5 in Earth Magic
  1027 | D:4      | Reached XP level 5. HP: 38/38 MP: 6/10
  1113 | D:4      | Noticed an orc warrior
  1308 | D:5      | Entered Level 5 of the Dungeon
  1312 | D:5      | Noticed a gargoyle
  1571 | D:5      | Reached XP level 6. HP: 36/45 MP: 12/12
  1578 | D:5      | Learned a level 5 spell: Lee's Rapid Deconstruction
  1791 | D:6      | Noticed Grinder
  1840 | D:6      | Noticed a water moccasin
  1845 | D:6      | Killed a water moccasin
  1849 | D:6      | Found Gick's Weapon Boutique.
  1850 | D:6      | Found a staircase to the Ecumenical Temple.
  2076 | D:6      | Reached XP level 7. HP: 50/50 MP: 11/13
  2102 | D:5      | Found a runed door.
  2102 | D:5      | Noticed a human
  2102 | D:5      | Noticed Pikel
  2252 | D:7      | Found a sacrificial altar of Ru.
  2351 | D:7      | Reached XP level 8. HP: 45/57 MP: 10/14
  2533 | D:7      | Reached skill level 10 in Earth Magic
  3013 | D:8      | Found a deep blue altar of Sif Muna.
  3072 | D:8      | Found a snail-covered altar of Cheibriados.
  3443 | D:5      | Killed Pikel
  3443 | D:5      | Reached XP level 9. HP: 56/62 MP: 13/19
  3497 | D:5      | Noticed Sigmund
  3502 | D:5      | Killed Sigmund
  3538 | D:5      | Killed a gargoyle
  3538 | D:5      | Reached skill level 5 in Spellcasting
  3565 | D:5      | Found a basalt altar of Yredelemnul.
  3658 | D:6      | Killed Grinder
  3754 | D:6      | Noticed Dowan
  3756 | D:6      | Noticed Duvessa
  3783 | D:6      | Killed Duvessa
  3849 | D:6      | Noticed Menkaure
  3851 | D:6      | Killed Menkaure
  3908 | D:6      | Killed Dowan
  4193 | D:9      | Found Zin's Purification Station.
  4196 | D:9      | Found a glowing silver altar of Zin.
  4290 | D:9      | Reached XP level 10. HP: 57/69 MP: 19/22
  4389 | D:9      | Noticed Joseph
  4587 | D:9      | Found an ornate altar of the Wu Jian Council.
  4609 | D:9      | Noticed a two-headed ogre
  4682 | D:9      | Killed a two-headed ogre
  4809 | D:9      | Killed Joseph
  5132 | D:10     | Entered Level 10 of the Dungeon
  5142 | D:10     | Reached skill level 1 in Staves
  5550 | D:11     | Noticed a two-headed ogre
  5656 | D:11     | Killed a two-headed ogre
  5656 | D:11     | Reached skill level 1 in Fighting
  5752 | D:11     | Found Zoicriud's Magic Scroll Boutique.
  5775 | D:11     | Gained mutation: You have a considerably increased reservoir of magic. (+20% MP) [mutagenic meat]
  5776 | D:11     | Gained mutation: You do not regenerate when monsters are visible. [mutagenic meat]
  5777 | D:11     | Gained mutation: You have sharp toenails. [mutagenic meat]
  5778 | D:11     | Gained mutation: You are surrounded by a mild repulsion field. (EV +2) [mutagenic meat]
  5790 | D:11     | Bought a scroll of teleportation for 42 gold pieces
  5790 | D:11     | Bought a scroll of teleportation for 42 gold pieces
  5790 | D:11     | Bought a scroll of teleportation for 42 gold pieces
  5790 | D:11     | Bought a scroll of random uselessness for 14 gold pieces
  5792 | D:11     | Noticed a two-headed ogre
  5797 | D:11     | Killed a two-headed ogre
  5903 | D:11     | Noticed a two-headed ogre
  5907 | D:11     | Killed a two-headed ogre
  5907 | D:11     | Reached skill level 2 in Fighting
  5907 | D:11     | Reached XP level 11. HP: 79/79 MP: 25/28
  5910 | D:11     | Noticed a tengu warrior
  5939 | D:11     | Killed a tengu warrior
  6022 | D:11     | Killed an unseen horror
  6023 | D:11     | Noticed a two-headed ogre
  6031 | D:11     | Killed a two-headed ogre
  6031 | D:11     | Reached skill level 3 in Fighting
  6124 | D:11     | Noticed a six-headed hydra
  6140 | D:11     | Noticed a death yak
  6141 | D:11     | Noticed a death yak
  6143 | D:11     | Noticed a death yak
  6143 | D:11     | Killed a six-headed hydra
  6143 | D:11     | Reached skill level 5 in Staves
  6144 | D:11     | Noticed a death yak
  6144 | D:11     | Noticed a death yak
  6145 | D:11     | Killed a death yak
  6313 | D:11     | Found a staircase to the Lair.
  6400 | D:12     | Noticed a deep elf mage
  6404 | D:12     | Killed a deep elf mage
  6418 | D:12     | Noticed Sonja
  6627 | D:12     | Noticed a four-headed hydra
  6627 | D:12     | Reached skill level 4 in Fighting
  6629 | D:12     | Killed a four-headed hydra
  6691 | D:12     | Killed Sonja
  6700 | D:12     | Reached skill level 5 in Dodging
  6925 | D:12     | Noticed Fannar
  6956 | D:13     | Reached XP level 12. HP: 55/92 MP: 30/31
  7060 | D:13     | Reached skill level 1 in Armour
  7154 | D:13     | Reached skill level 5 in Fighting
  7504 | D:13     | Found a roughly hewn altar of Beogh.
  7873 | D:13     | Noticed a vault guard
  7940 | D:13     | Killed a vault guard
  7956 | D:13     | Noticed a vault guard
  7962 | D:13     | Killed a vault guard
  8032 | D:13     | Noticed an ogre mage
  8052 | D:13     | Reached skill level 6 in Fighting
  8057 | D:13     | Noticed a centaur warrior
  8059 | D:13     | Killed a centaur warrior
  8235 | D:14     | Noticed a centaur warrior
  8246 | D:14     | Killed a centaur warrior
  8295 | D:14     | Reached XP level 13. HP: 75/103 MP: 20/32
  8491 | D:14     | Learned a level 2 spell: Passwall
  8496 | D:14     | Learned a level 4 spell: Petrify
  8737 | D:15     | Entered Level 15 of the Dungeon
  8993 | D:15     | Found a glowing golden altar of the Shining One.
  9293 | D:15     | Found a staircase to the Depths.
  9307 | D:15     | Reached skill level 7 in Fighting
  9334 | D:15     | Reached skill level 10 in Staves
  9422 | D:15     | Gained mutation: You are robust. (+10% HP) [mutagenic meat]
  9425 | D:15     | Gained mutation: You passively map a small area around you. [mutagenic meat]
  9593 | D:15     | Reached skill level 5 in Armour
  9700 | D:15     | Lost mutation: You are surrounded by a mild repulsion field. (EV +2) [mutagenic meat]
  9701 | D:15     | Lost mutation: You have sharp toenails. [mutagenic meat]
  9704 | D:15     | Gained mutation: Your body sometimes deteriorates upon taking damage. [mutagenic meat]
  9853 | D:15     | Noticed Roxanne
  9859 | D:15     | Killed Roxanne
 10010 | D:15     | Learned a level 6 spell: Statue Form
 10080 | D:15     | Reached skill level 1 in Transmutations
 10084 | D:15     | Gained mutation: You are dopey. (Int -2) [mutagenic meat]
 10245 | D:14     | Found Ceqaig's Distillery.
 10510 | D:14     | Reached XP level 14. HP: 125/125 MP: 30/33
 10513 | D:14     | Lost mutation: You passively map a small area around you. [mutagenic meat]
 10521 | D:14     | Gained mutation: You are somewhat resistant to further mutation. [mutagenic meat]
 10860 | D:12     | Reached skill level 8 in Fighting
 10948 | D:12     | Lost mutation: You are dopey. (Int -2) [potion of mutation]
 10948 | D:12     | Lost mutation: You do not regenerate when monsters are visible. [potion of mutation]
 10948 | D:12     | Lost mutation: Your body sometimes deteriorates upon taking damage. [potion of mutation]
 10948 | D:12     | Lost mutation: You are somewhat resistant to further mutation. [potion of mutation]
 10948 | D:12     | Gained mutation: You are dopey. (Int -2) [potion of mutation]
 10948 | D:12     | Lost mutation: You are robust. (+10% HP) [potion of mutation]
 10948 | D:12     | Gained mutation: Your spells are a little harder to cast, but a little more powerful. [potion of mutation]
 10948 | D:12     | Gained mutation: Your muscles are strong. (Str +2) [potion of mutation]
 11159 | D:12     | Found a staircase to the Orcish Mines.
 11359 | D:12     | Killed Fannar
 11609 | D:12     | Got a warped hunting sling
 11801 | D:6      | Bought a +2 lajatang of speed for 855 gold pieces
 11935 | Orc:1    | Entered Level 1 of the Orcish Mines
 11952 | Orc:1    | Reached skill level 5 in Transmutations
 12025 | Orc:1    | Found a flagged portal.
 12039 | Bailey   | Entered a bailey
 12122 | Bailey   | Noticed zkyp's ghost (novice DgFE)
 12126 | Bailey   | Killed zkyp's ghost
 12363 | Bailey   | Noticed Titanic's ghost (novice TrHu)
 12660 | Bailey   | Identified the +5 hunting sling of Blood {venom, MP+9} (You took it off a meliai on level 12 of the Dungeon)
 12741 | Orc:2    | Entered Level 2 of the Orcish Mines
 13127 | Orc:2    | Found a staircase to the Elven Halls.
 13130 | Orc:1    | Noticed Duffy's ghost (journeyman VSGl)
 13145 | Orc:1    | Killed Duffy's ghost
 13407 | Orc:2    | Found a roughly hewn altar of Beogh.
 13451 | Orc:2    | Found Uceycw's Jewellery Emporium.
 13478 | Orc:2    | WOW
 13957 | Orc:2    | Found Ulier's Weapon Shop.
 13972 | Orc:2    | Found Lirhinlutz's Antique Weapon Emporium.
 13973 | Orc:2    | Found Cemiude's Assorted Antiques.
 13994 | Orc:2    | Bought a scroll labeled KOGULL JALI for 32 gold pieces
 14030 | Orc:2    | Bought an uncursed amulet of regeneration for 480 gold pieces
 14087 | Elf:1    | Entered Level 1 of the Elven Halls
 14268 | Elf:1    | Reached XP level 15. HP: 123/123 MP: 34/34
 14344 | Elf:1    | Found Qir Kig's Jewellery Shop.
 14345 | Elf:1    | Found Atussip's Gadget Emporium.
 14427 | Elf:1    | Found Ysuegax's Jewellery Shop.
 14685 | Elf:3    | Entered Level 3 of the Elven Halls
 14836 | Elf:3    | Found an ancient bone altar of Kikubaaqudgha.
 14997 | Elf:3    | Found Leniacu's Antique Armour Shop.
 15160 | Elf:3    | Learned a level 1 spell: Apportation
 15162 | Elf:3    | Learned a level 1 spell: Animate Skeleton
 15173 | Elf:3    | Found Cesazuso's Magic Scroll Emporium.
 15199 | Elf:3    | Bought a scroll of identify for 36 gold pieces
 15199 | Elf:3    | Bought a scroll of identify for 36 gold pieces
 15391 | Elf:3    | Reached skill level 10 in Transmutations
 15696 | Elf:3    | Cast into level 3 of the Abyss (a deep elf sorcerer)
 15751 | Abyss:3  | Noticed a tentacled starspawn
 15766 | Abyss:3  | Killed a tentacled starspawn
 15847 | Abyss:3  | Identified a scroll of acquirement
 15863 | Abyss:3  | Noticed a tentacled starspawn
 15875 | Abyss:3  | Killed a tentacled starspawn
 15929 | Abyss:3  | Gained mutation: You are very dopey. (Int -4) [a neqoxec]
 15941 | Elf:3    | Escaped the Abyss
 15950 | Elf:3    | Reached skill level 1 in Evocations
 16057 | Elf:3    | Cast into level 3 of the Abyss (a deep elf sorcerer)
 16251 | Abyss:3  | Reached XP level 16. HP: 130/130 MP: 35/35
 16358 | Abyss:3  | Noticed a tentacled starspawn
 16364 | Abyss:3  | Noticed a tentacled starspawn
 16464 | Abyss:3  | Got an abyssal rune of Zot
 16473 | Abyss:3  | Noticed a kraken
 16538 | Elf:3    | Escaped the Abyss
 16543 | Elf:3    | Reached skill level 9 in Fighting
 17063 | Elf:3    | Noticed a deep elf master archer
 17065 | Elf:3    | Noticed a deep elf blademaster
 17102 | Elf:3    | Killed a deep elf blademaster
 17107 | Elf:3    | Killed a deep elf master archer
 17201 | Elf:3    | Identified the +8 glaive of the Wary Wars {freeze, +Inv MR+ Int+4} (You took it off a deep elf annihilator on level 3 of the Elven Halls)
 17256 | Elf:3    | Learned a level 5 spell: Silence
 17256 | Elf:3    | Identified the Guide on the Nocuous Birds
 17268 | Elf:3    | Identified the Compendium of Igneous Attacks
 17276 | Elf:3    | Learned a level 6 spell: Iron Shot
 17279 | Elf:3    | Identified the Volume of Nihilism
 17295 | Elf:3    | Noticed a deep elf blademaster
 17333 | Elf:3    | Killed a deep elf blademaster
 17333 | Elf:3    | Reached skill level 10 in Fighting
 17391 | Elf:3    | Bought a scroll of teleportation for 54 gold pieces
 17391 | Elf:3    | Bought a scroll of magic mapping for 63 gold pieces
 17391 | Elf:3    | Bought a scroll of magic mapping for 63 gold pieces
 17619 | Elf:1    | Reached skill level 10 in Dodging
 17830 | Lair:1   | Entered Level 1 of the Lair of Beasts
 17919 | Lair:1   | Lost mutation: You have a considerably increased reservoir of magic. (+20% MP) [potion of mutation]
 17919 | Lair:1   | Lost mutation: Your muscles are strong. (Str +2) [potion of mutation]
 17919 | Lair:1   | Lost mutation: You are very dopey. (Int -4) [potion of mutation]
 17919 | Lair:1   | Lost mutation: You are dopey. (Int -2) [potion of mutation]
 17919 | Lair:1   | Gained mutation: You have supernaturally acute eyesight. (SInv) [potion of mutation]
 17919 | Lair:1   | Gained mutation: You are resistant to hostile enchantments. (MR+) [potion of mutation]
 17919 | Lair:1   | Gained mutation: Your mind is acute. (Int +2) [potion of mutation]
 18323 | Lair:2   | Found a labyrinth entrance.
 18357 | Lab      | Entered a labyrinth
 18487 | Lair:2   | Found a staircase to the Shoals.
 18732 | Lair:3   | Reached skill level 11 in Fighting
 18960 | Lair:4   | Found a hole to the Spider Nest.
 18968 | Lair:4   | Found a frozen archway.
 19008 | IceCv    | Entered an ice cave
 19669 | Lair:6   | Entered Level 6 of the Lair of Beasts
 19767 | Lair:6   | Reached XP level 17. HP: 146/146 MP: 34/34
 19785 | Lair:6   | Found a runed door.
 19789 | Lair:6   | Found a viscous altar of Jiyva.
 19790 | Lair:6   | Found a staircase to the Slime Pits.
 20221 | Lair:6   | Reached skill level 12 in Fighting
 20819 | Spider:1 | Entered Level 1 of the Spider Nest
 21415 | Spider:2 | Noticed Donald
 21453 | Spider:2 | Killed Donald
 21592 | Spider:3 | Noticed Arachne
 21618 | Spider:3 | Killed Arachne
 21679 | Spider:3 | Reached skill level 13 in Fighting
 21770 | Spider:3 | Noticed Louise
 21804 | Spider:3 | Killed Louise
 21871 | Spider:4 | Entered Level 4 of the Spider Nest
 22497 | Spider:4 | Got a gossamer rune of Zot
 22617 | Spider:4 | Reached XP level 18. HP: 159/159 MP: 35/35
 22740 | Shoals:1 | Entered Level 1 of the Shoals
 22758 | Shoals:1 | Noticed Frances
 22771 | Shoals:1 | Killed Frances
 22872 | Shoals:2 | Noticed sergedm's ghost (adept DECj)
 22912 | Shoals:1 | Noticed Aizul
 22931 | Shoals:1 | Killed Aizul
 22931 | Shoals:1 | Reached skill level 14 in Fighting
 23362 | Shoals:2 | Learned a level 2 spell: Blink
 23570 | Shoals:2 | Cast into level 2 of the Abyss (merfolk impaler)
 23570 | Abyss:2  | Found a corrupted altar of Lugonu.
 23579 | Shoals:2 | Escaped the Abyss
 23767 | Shoals:3 | Noticed Mara
 23807 | Shoals:3 | Killed Mara
 24048 | Shoals:4 | Entered Level 4 of the Shoals
 24158 | Shoals:4 | Identified the Guide on Combat Magic
 24189 | Shoals:4 | Identified the cursed +1 leather armour "Gonweiji" {rN+ Dex+4} (You found it on level 4 of the Shoals)
 24273 | Shoals:4 | timbw: hello
 24282 | Shoals:4 | timbw: only anons :D
 24342 | Shoals:4 | timbw: statue form speed lajatang
 24348 | Shoals:4 | timbw: so
 24365 | Shoals:4 | Got a barnacled rune of Zot
 24366 | Shoals:4 | timbw: like a real weapon
 24458 | Shoals:4 | Noticed Ilsuiw
 24493 | Shoals:4 | Killed Ilsuiw
 24583 | Shoals:4 | Identified the ring "Peuf" {rC+ Str+3 Int+4} (You found it on level 4 of the Shoals)
 24624 | Shoals:4 | 4thArraOfDagon: sec
 24780 | Shoals:4 | Reached skill level 10 in Spellcasting
 24798 | Shoals:4 | Learned a level 3 spell: Regeneration
 24956 | Shoals:1 | Noticed Nikola
 24972 | Shoals:1 | Killed Nikola
 24972 | Shoals:1 | Reached skill level 1 in Charms
 24972 | Shoals:1 | Reached skill level 1 in Necromancy
 25298 | Elf:1    | Gained mutation: You are clumsy. (Dex -2) [a neqoxec]
 25372 | Elf:2    | Reached skill level 15 in Fighting
 25427 | Elf:3    | Bought the -2 hat of the Alchemist {rElec rPois rF+ rC+ rN+ MR+ rMut rCorr} for 1416 gold pieces
 25605 | D:13     | Found a gate to the Vaults.
 25635 | Vaults:1 | Entered Level 1 of the Vaults
 25666 | Vaults:1 | Reached XP level 19. HP: 170/170 MP: 13/38
 25679 | Vaults:1 | Reached skill level 15 in Dodging
 26057 | Vaults:3 | Found Naolor's Magic Scroll Boutique.
 26064 | Vaults:3 | Bought a scroll of teleportation for 42 gold pieces
 26064 | Vaults:3 | Bought a scroll of blinking for 105 gold pieces
 26064 | Vaults:3 | Bought a scroll of teleportation for 42 gold pieces
 27090 | Vaults:3 | Found a staircase to the Crypt.
 27368 | Vaults:3 | Noticed Frederick
 27376 | Vaults:3 | Killed Frederick
 27532 | Vaults:4 | Reached skill level 16 in Fighting
 27550 | Vaults:4 | Learned a level 4 spell: Passage of Golubria
 27678 | Vaults:4 | Reached XP level 20. HP: 180/180 MP: 41/41
 27986 | Vaults:4 | Identified the +6 great mace of Disgust {vamp, MR+} (You took it off a deep elf archer on level 4 of the Vaults)
 28156 | Vaults:3 | Reached skill level 1 in Maces & Flails
 28222 | Vaults:5 | Entered Level 5 of the Vaults
 28418 | Vaults:4 | Reached skill level 5 in Maces & Flails
 28717 | Vaults:5 | Noticed durraq's ghost (adept MiFi)
 28811 | Vaults:4 | Reached skill level 15 in Staves
 28965 | Vaults:5 | Killed durraq's ghost
 29275 | Vaults:5 | Reached skill level 1 in Translocations
 29365 | Vaults:5 | Got a silver rune of Zot
 29424 | Vaults:5 | Reached XP level 21. HP: 129/189 MP: 42/42
 29470 | Vaults:5 | Reached skill level 17 in Fighting
 29843 | Vaults:5 | Reached skill level 18 in Fighting
 30147 | Vaults:5 | Reached skill level 19 in Fighting
 30191 | Vaults:5 | Noticed an ancient lich
 30235 | Vaults:5 | Killed an ancient lich
 30268 | Vaults:5 | Noticed a golden dragon
 30273 | Vaults:5 | Killed a golden dragon
 30348 | Vaults:5 | Noticed a golden dragon
 30377 | Vaults:5 | Killed a golden dragon
 30434 | Vaults:5 | Reached skill level 20 in Fighting
 30492 | Vaults:5 | Identified the Reference Book on Excruciating Snow
 30570 | Vaults:5 | Noticed a golden dragon
 30584 | Vaults:5 | Killed a golden dragon
 30628 | Vaults:5 | Identified the +2 robe "Kuijell" {MR++ Int+2} (You found it on level 5 of the Vaults)
 31133 | Vaults:1 | Found a roughly hewn altar of Beogh.
 31164 | Vaults:1 | Reached XP level 22. HP: 150/211 MP: 38/43
 31352 | Vaults:1 | Reached skill level 21 in Fighting
 31497 | D:14     | Bought a potion of heal wounds for 75 gold pieces
 31497 | D:14     | Bought a potion of mutation for 120 gold pieces
 31497 | D:14     | Bought a potion of brilliance for 60 gold pieces
 31497 | D:14     | Bought a potion of heal wounds for 75 gold pieces
 31497 | D:14     | Bought 2 potions of might for 120 gold pieces
 31497 | D:14     | Bought a potion of ambrosia for 120 gold pieces
 31497 | D:14     | Bought a potion of brilliance for 60 gold pieces
 31497 | D:14     | Bought a potion of mutation for 120 gold pieces
 31497 | D:14     | Bought a potion of brilliance for 60 gold pieces
 31497 | D:14     | Bought a potion of resistance for 150 gold pieces
 31536 | Depths:1 | Entered Level 1 of the Depths
 31643 | Depths:1 | Noticed Jorgrun
 31659 | Depths:1 | Killed Jorgrun
 31679 | Depths:1 | Reached skill level 15 in Earth Magic
 32510 | Depths:3 | Found a one-way gate leading to the halls of Pandemonium.
 32887 | Depths:3 | Noticed Mennas
 32902 | Depths:3 | Killed Mennas
 33069 | Depths:3 | Noticed the Enchantress
 33090 | Depths:3 | Killed the Enchantress
 33107 | Depths:3 | Identified the +3 faerie dragon scales {rElec MR+ rCorr} (You took it off the Enchantress on level 3 of the Depths)
 33119 | Depths:3 | Identified the cursed +0 quarterstaff of Gallantry {elec, Str+4 Int+6 Dex-4 SInv} (You took it off a spriggan berserker on level 3 of the Depths)
 33181 | Depths:3 | Noticed Jory
 33205 | Depths:3 | Killed Jory
 33267 | Depths:4 | Found a portal to a secret trove of treasure.
 33324 | Depths:3 | Found a gateway to Hell.
 33472 | Depths:3 | Reached XP level 23. HP: 220/220 MP: 37/44
 33598 | Depths:4 | Found a gateway to a ziggurat.
 33607 | Zig:1    | Entered Level 1 of a ziggurat
 33623 | Zig:2    | Entered Level 2 of a ziggurat
 33647 | Zig:3    | Entered Level 3 of a ziggurat
 33679 | Zig:4    | Entered Level 4 of a ziggurat
 33752 | Zig:5    | Entered Level 5 of a ziggurat
 33757 | Zig:5    | Noticed Gatuast the pandemonium lord
 33781 | Zig:5    | Killed Gatuast the pandemonium lord
 33869 | Zig:6    | Entered Level 6 of a ziggurat
 33875 | Zig:6    | Noticed Feidirch the pandemonium lord
 33896 | Zig:6    | Killed Feidirch the pandemonium lord
 33911 | Zig:6    | HP: 13/286 [monstrous warmonger (23)]
 33914 | Zig:6    | Slain by a monstrous warmonger

Vault maps used:
D:1:      lemuel_arrival_lava_pool
D:2:      item_on_display_b
D:3:      first_bread, gup_sewer_entry_bowl, kennysheep_generic_room_4,
          uniq_terence
D:4:      serial_corexii_hall, corexii_hall_statues_s, corexii_hall_statues_s
D:5:      dk_yredelemnul_ordeal, uniq_pikel, uniq_sigmund
D:6:      temple_statues, serial_shops, nicolae_shop_crystal,
          kennysheep_generic_room_12, uniq_menkaure, uniq_grinder, uniq_duvessa
D:7:      basic_altar
D:8:      slow_altar_2, basic_altar
D:9:      lemuel_round_altar, zin_purify, uniq_joseph
D:11:     dpeg_lair_monsters, serial_shops, shop, grunt_tengu_nest
D:12:     wad_woods_minihive, kennysheep_orc_monster_closet_entryway,
          uniq_sonja, uniq_fannar
D:13:     grunt_vaults_entry_fortified, special_room
D:14:     serial_shops, shop, minmay_misc_feat_encased
D:15:     hangedman_depths_entry_civil_slaughter, minmay_misc_feat_iff,
          tso_metal_star, uniq_roxanne
Lair:1:   grunt_megastairs_4
Lair:2:   minmay_shoals_entry_centaurs, lab_entry_generic, serial_bayou_pond_b
Lair:3:   minmay_lair_oklob_chamber
Lair:4:   spider_nest_entry_rubble, portal_ice_cave_entry_ice_beasts,
          grunt_megastairs_2, infiniplex_staircase_pool, serial_bayou_shore_b
Lair:5:   lemuel_fruit_tree
Lair:6:   due_jungle_book, slime_altar_2, fungi_pond_lemuel, uniq_snorg
Shoals:1: uniq_nikola, uniq_aizul, uniq_frances
Shoals:2: nicolae_shoals_siren_and_animal_friends
Shoals:3: uniq_mara
Shoals:4: shoals_end_simple, shoal_ilsuiw
Spider:2: guppyfry_hornet_nest, uniq_donald
Spider:3: uniq_louise, uniq_arachne
Spider:4: grunt_spider_rune_parallel
Orc:1:    enter_bailey_2
Orc:2:    st_orc_open, basic_altar
Elf:1:    minmay_elf_arrival_summoners, minivault_28,
          serial_sigils_hangedman_gut, minmay_shop_grove
Elf:3:    minmay_elf_hall_statues, serial_shops, nicolae_shop_stone, shop_coins,
          basic_altar, spider_trap, minivault_23, minivault_16
Vaults:1: v_misc_26, ontoclasm_vaults_decontamination,
          nicolae_vaults_network_star, vaults_room_boxed,
          hangedman_vaults_impose, nicolae_vaults_puzzle_piece,
          special_room_vaults, v_misc_19, nicolae_vaults_triangles,
          nicolae_vaults_little_squares_5, ontoclasm_vaults_tryst, v_rooms_4,
          nicolae_vaults_angled_halls
Vaults:2: v_misc_33, v_rooms_6, vaults_room_ringed_pool,
          nicolae_vaults_network_quinsquares, v_alt_pattern_2,
          hangedman_vaults_corner_blocks, v_misc_1, nicolae_vaults_display_case,
          vaults_room_door_hall, serial_ice_b
Vaults:3: hangedman_vaults_stretched_pinwheel, v_misc_13,
          minmay_crypt_entry_simple_corners, vaults_mumra_chevron,
          vaults_room_octagon, v_rooms_2, hangedman_vaults_slice,
          vaults_dpeg_diagonal, vaults_room_door_hall, hangedman_vaults_cutoff,
          nicolae_vaults_little_squares_3, serial_shops, nicolae_shop_crystal,
          uniq_frederick
Vaults:4: hangedman_vaults_cutoff, nicolae_vaults_network_s,
          hangedman_vaults_slice, grunt_vaults_diagonal, v_alt_pattern_4,
          v_misc_5, ontoclasm_vaults_shuriken, nicolae_vaults_ninety_degrees,
          nicolae_vaults_meeting, dpeg_vaults_monster_row,
          ontoclasm_vaults_twist, ontoclasm_vaults_pinch, serial_ice_m
Depths:1: grunt_pan_entry_zigzag, minmay_misc_feat_pillars,
          grunt_hell_entry_dis_mu, hangedman_decor_lopped, minmay_three_doors,
          uniq_jorgrun
Depths:2: grunt_house_of_mirrors, roderic_roman_lattice,
          grunt_pan_entry_sceptre, pf_coc_iceberg, kennysheep_boxes,
          infiniplex_staircase_door_maze
Depths:3: grunt_forest_end_winery, rand_demon_pan_entry_5,
          corexii_leaking_fountain, hell_entry, uniq_jory, uniq_mennas
Depths:4: kennysheep_funnel, enter_ziggurat_a, abyss_entry,
          pf_hell_entry_tar_river, special_room,
          nicolae_trove_entry_free_sample, hangedman_decor_slide_cut,
          spider_trap, minmay_staircase_statues
Abyss:2:  hangedman_abyss_or_decor_stabs
Abyss:3:  hangedman_abyss_river_spirits, nicolae_abyss_rune_left_handed,
          abyss_furniture_001
Lab:      labyrinth_watery, nicolae_lab_swirl, nicolae_lab_plus,
          nicolae_lab_hexagon, nicolae_lab_do_over
Sewer:    sewer_kobolds
Bailey:   bailey_polearm_1, bailey
IceCv:    ice_cave_caverns_01

Skill      XL: |  1  2  3  4  5  6  7  8  9 10 11 12 13 14 15 16 17 18 19 20 21 22 |
---------------+-------------------------------------------------------------------+-----
Earth Magic    | 3 4 5 6 7 9 11 12 13 14 18 | 18.9
Spellcasting   | 2 4 5 7 8 10 11 12 | 12.0
Staves         | 3 6 9 10 12 14 16 | 16.2
Dodging        | 3 5 6 8 11 13 14 16 | 16.1
Fighting       | 2 4 6 7 8 11 13 15 16 20 21 | 21.0
Armour         | 3 5 |  5.6
Transmutations | 2 8 10 | 10.8
Evocations     | 2 3 |  3.1
Charms         | 2 4 |  4.0
Necromancy     | 2 4 |  4.2
Maces & Flails | 6 |  6.0
Translocations | 3 |  3.8
Stealth        | |  1.7

Action                   |  1- 3 |  4- 6 |  7- 9 | 10-12 | 13-15 | 16-18 | 19-21 | 22-24 || total
-------------------------+-------+-------+-------+-------+-------+-------+-------+-------++-------
Melee: Hand axe          |    25 |    42 |       |       |       |       |       |       ||    67
       War axe           |       |    41 |    11 |       |       |       |       |       ||    52
       Great sword       |       |       |   115 |    38 |       |       |       |       ||   153
       Dagger            |       |       |    16 |       |       |       |       |       ||    16
       Quarterstaff      |       |       |       |    82 |   203 |       |       |       ||   285
       Lajatang          |       |       |       |       |   854 |  2569 |  1837 |  1066 ||  6326
       Great mace        |       |       |       |       |       |       |   259 |       ||   259
Throw: Javelin           |     3 |     3 |       |       |       |       |       |       ||     6
       Stone             |     1 |       |       |       |       |       |       |       ||     1
 Cast: Sandblast         |    24 |    47 |    75 |   178 |   197 |    39 |       |       ||   560
       Lee's Rapid Decon |       |       |    11 |   103 |   117 |    28 |     3 |     4 ||   266
       Statue Form       |       |       |       |       |    42 |    88 |    51 |    26 ||   207
       Petrify           |       |       |       |       |     7 |     2 |       |       ||     9
       Apportation       |       |       |       |       |       |    10 |    18 |     3 ||    31
       Regeneration      |       |       |       |       |       |     4 |   121 |    58 ||   183
       Blink             |       |       |       |       |       |       |     8 |       ||     8
 Abil: End Transformatio |       |       |       |       |    27 |    18 |     7 |     2 ||    54
Evoke: Wand              |       |       |     1 |    18 |    16 |    13 |       |     1 ||    49
       Box of beasts     |       |       |       |       |       |     2 |       |       ||     2
       Phantom mirror    |       |       |       |       |       |     1 |       |     2 ||     3
  Use: Potion            |     1 |     1 |       |     3 |     7 |     5 |     4 |     5 ||    26
       Scroll            |       |     1 |    11 |    12 |    20 |    23 |    16 |     7 ||    90
 Stab: Sleeping          |       |     1 |       |     1 |       |     9 |    11 |     2 ||    24
       Petrified         |       |       |       |       |     3 |     6 |       |       ||     9
       Distracted        |       |       |       |       |     3 |     5 |       |       ||     8
       Invisible         |       |       |       |       |       |     4 |       |       ||     4
       Petrifying        |       |       |       |       |       |     1 |       |       ||     1
       Confused          |       |       |       |       |       |     3 |       |       ||     3
  Eat: Chunk             |       |     4 |     9 |    20 |    35 |    29 |    29 |     7 ||   133
       Fruit             |       |       |     3 |    18 |    12 |    14 |     2 |    15 ||    64
       Royal jelly       |       |       |       |     2 |     1 |     7 |     2 |       ||    12
       Meat ration       |       |       |       |       |     7 |     2 |     3 |       ||    12
       Bread ration      |       |       |       |       |       |     1 |       |       ||     1
Armor: Robe              |     6 |    24 |    20 |       |       |       |       |       ||    50
       Skin              |       |    35 |       |       |   272 |  1327 |  1118 |   658 ||  3410
       Ring mail         |       |    21 |    78 |    80 |       |       |       |       ||   179
       Troll leather arm |       |       |       |    24 |   101 |    34 |    10 |     4 ||   173
Dodge: Dodged            |    13 |    80 |   120 |   251 |   820 |  2700 |  2259 |  1270 ||  7513
       Rpst.: Great sword |       |       |    42 |    11 |       |       |       |       ||    53
